 Dungeon Crawl Stone Soup version 0.29-a0-284-gf9362112df (webtiles) character file.

Game seed: 12276071888962045697

16 GigaChad the Vexing (level 2, -2/27 HPs)
             Began as a Troll Arcane Marksman on Mar 30, 2022.
             Slain by a gnoll
             ... wielding a +0 flail
              (8 damage)
             ... on level 1 of the Dungeon.
             The game lasted 00:07:40 (731 turns).

GigaChad the Vexing (Troll Arcane Marksman)          Turns: 731, Time: 00:07:41

Health: -2/27      AC:  4    Str: 17    XL:     2   Next: 41%
Magic:  2/2        EV:  9    Int:  9    God:
Gold:   23         SH:  0    Dex: 10    Spells: 2/3 levels left

rFire   . . .      SeeInvis .   i - +0 hand axe
rCold   . . .      Faith    .   (no shield)
rNeg    . . .      Spirit   .   b - +0 robe
rPois   .          Reflect  .   (helmet restricted)
rElec   .          Harm     .   (no cloak)
rCorr   .          Rampage  .   (gloves unavailable)
Will    .....                   (boots unavailable)
Stlth   +.........              (no amulet)
HPRegen 0.89/turn               (no ring)
MPRegen 0.08/turn               (no ring)

@: no status effects
A: large, unfitting armour, claws 3, regeneration 1, shaggy fur 1, tough skin 1
a: no special abilities


You were on level 1 of the Dungeon.
You visited 1 branch of the dungeon, and saw 1 of its levels.

You collected 23 gold pieces.

Inventory:

Hand Weapons
 a - a +0 hand crossbow
 e - a +0 dagger
 f - a +0 mace
 g - a +0 club
 i - a +0 hand axe (weapon)
Missiles
 h - 2 poisoned darts
Armour
 b - a +0 robe (worn)
Scrolls
 c - a scroll of vulnerability
Potions
 d - a potion of degeneration


   Skills:
 + Level 1.0 Fighting
 + Level 0.1 Short Blades
 + Level 1.3 Crossbows
 + Level 1.6 Dodging
 + Level 1.0 Spellcasting
 + Level 2.2 Hexes


You had 2 spell levels left.
You knew the following spells:

 Your Spells              Type           Power      Damage    Failure   Level
a - Slow                  Hex            16%        N/A       14%         1

Your spell library contained the following spells:

 Spells                   Type           Power      Damage    Failure   Level
 Inner Flame              Hex/Fire       2%         N/A       56%         3
 Portal Projectile        Hex/Tloc       4%         N/A       56%         3
 Cause Fear               Hex            2%         N/A       82%         4


Dungeon Overview and Level Annotations

Branches:
Dungeon (1/15)

Altars:


Innate Abilities, Weirdness & Mutations

You are too large for most types of armour.
You have claws for hands.
Your natural rate of healing is unusually fast.
You are covered in fur. (AC +1)
You have tough skin. (AC +1)


Message History

You must enter the number of times for the command to repeat.
You shoot a bolt. The bolt hits the goblin!
You kill the goblin!
The gnoll hits you with a +0 flail!
You shoot a bolt. The bolt hits the gnoll.
The gnoll is moderately wounded.
The gnoll misses you.
You shoot a bolt. The bolt closely misses the gnoll.
The gnoll barely misses you. x2
You shoot a bolt. The bolt barely misses the gnoll.
The gnoll hits you with a +0 flail!
You are too injured to fight recklessly!
You are too injured to fight recklessly!
You are too injured to fight recklessly!
You are too injured to fight recklessly!
You shoot a bolt. The bolt barely misses the gnoll.
The bolt hits the dart slug but does no damage.
The dart slug is moderately wounded.
The gnoll hits you with a +0 flail.
You are too injured to fight recklessly!
You are too injured to fight recklessly!
You are too injured to fight recklessly!
You are too injured to fight recklessly!
You are too injured to fight recklessly!
You are too injured to fight recklessly!
You are too injured to fight recklessly!
You are too injured to fight recklessly!
i - a +0 hand axe (weapon)
The gnoll hits you with a +0 flail.
You barely miss the gnoll.
The gnoll is moderately wounded.
The gnoll barely misses you.
You hit the gnoll.
The gnoll is heavily wounded.
The gnoll hits you with a +0 flail.
* * * LOW HITPOINT WARNING * * *
You hit the gnoll.
The gnoll is severely wounded.
The gnoll hits you with a +0 flail!
You die...

.#...#.###...#####.#..###.#####
.#####.....#.# ##.#.# #.#######
.# #.....#.# ###.# #........ .#
#.###...## #.# ######### .# #.#
##...## #.# .. ..###.....##
#.###########
#########.......##
#.......(...# #.#............#
###########.# #.#.###.......@#
#.# #.#.# ##..>..#g# #####..
###.#.#####...##.# #......
........# ##.###.# #.#####
##..#.#.####....w##########.#
......#..................[..#
......##########)############
...)...## #.#
........########.#


You could see a gnoll and a dart slug.

Vanquished Creatures
  2 endoplasms (D:1)
  A giant cockroach (D:1)
  3 goblins (D:1)
  2 hobgoblins (D:1)
  2 ball pythons (D:1)
  A bat (D:1)
  A frilled lizard (D:1)
  2 kobolds (D:1)
  A rat (D:1)
15 creatures vanquished.

Notes
Turn   | Place    | Note
-------+----------+-------------------------------------------
     0 | D:1      | GigaChad the Troll Arcane Marksman began the quest for the
                  | Orb.
     0 | D:1      | Reached XP level 1. HP: 18/18 MP: 1/1
   411 | D:1      | Reached XP level 2. HP: 26/26 MP: 2/2
   487 | D:1      | Reached skill level 1 in Fighting
   731 | D:1      | Slain by a gnoll

Illustrated notes

Levels and vault maps discovered:
D:1:      eino_arrival_cavern_a, layout_loops_ring, bh_walls_and_bars

Skill      XL: |  1  2 |
---------------+-------+-----
Fighting       | 1 |  1.0
Short Blades   | |  0.1
Crossbows      | |  1.3
Dodging        | |  1.6
Spellcasting   | |  1.0
Hexes          | |  2.2

Action                   || total
-------------------------++-------
Melee: Dagger            ||    29
       Hand crossbow     ||     2
       Punch             ||     1
       Hand axe          ||     3
 Fire: Hand crossbow     ||    39
  Use: Scroll            ||     1
Armor: Robe              ||    38
Dodge: Dodged            ||    33

Table legend: (Time is in decaauts)
 A = Elapsed time spent in this place.
 B = Non-inter-level travel time spent in this place.
 C = Inter-level travel time spent in this place.
 D = Time resting spent in this place.
 E = Time spent auto-exploring this place.
 F = Levels seen in this place.
 G = Mean time per level.
                   A        B        C        D        E       F      G
               +--------+--------+--------+--------+--------+-----+--------+
         Total |    746 |    740 |      6 |      0 |      0 |   1 |  746.0 |
       Dungeon |    746 |    740 |      6 |      0 |      0 |   1 |  746.0 |
               +--------+--------+--------+--------+--------+-----+--------+

Top non-repeatable levels by time:
     D:1: 746 daAuts
